 Dungeon Crawl Stone Soup version 0.28.0-53-g5a82cb258f (webtiles) character file.

Game seed: 17785309945075610495

70 ILmort the Chopper (level 4, 0/41 HPs)
             Began as a Minotaur Fighter on Aug 20, 2022.
             Slain by a gnoll
             ... wielding a +0 flail of venom
              (5 damage)
             ... on level 2 of the Dungeon.
             The game lasted 00:02:33 (1215 turns).

ILmort the Chopper (Minotaur Fighter)               Turns: 1215, Time: 00:02:33

Health: 0/41       AC:  6    Str: 23    XL:     4   Next: 3%
Magic:  3/3        EV:  9    Int:  5    God:
Gold:   73         SH:  4    Dex:  9    Spells: 3/3 levels left

rFire   . . .      SeeInvis .   a - +0 war axe
rCold   . . .      Faith    .   c - +0 buckler
rNeg    . . .      Spirit   .   b - +0 scale mail
rPois   .          Reflect  .   (helmet restricted)
rElec   .          Harm     .   (no cloak)
rCorr   .          Rampage  .   (no gloves)
Will    .....                   (no boots)
Stlth   ..........              (no amulet)
HPRegen 0.13/turn               (no ring)
MPRegen 0.08/turn               (no ring)

@: lethally poisoned (0 -> -1)
A: horns 2, retaliatory headbutt
a: no special abilities


You were on level 2 of the Dungeon.
You visited 1 branch of the dungeon, and saw 2 of its levels.

You collected 73 gold pieces.

Inventory:

Hand Weapons
 a - a +0 war axe (weapon)
 e - a +0 vampiric hand axe
Armour
 b - a +0 scale mail (worn)
 c - a +0 buckler (worn)
Potions
 d - a potion of might
 f - a potion of curing {unknown}


   Skills:
 + Level 4.4 Fighting
 * Level 4.5 Axes
 - Level 3.6 Armour
 - Level 3.6 Shields


You had 3 spell levels left.
You didn't know any spells.
Your spell library contained the following spells:

 Spells                   Type           Power      Damage    Failure   Level
 Slow                     Hex            0%         N/A       86%         1
 Confusing Touch          Hex            0%         N/A       99%         3
 Vampiric Draining        Necr           0%         2d6       99%         3


Dungeon Overview and Level Annotations

Branches:
Dungeon (2/15)

Altars:

Shops:
D:1 =


Innate Abilities, Weirdness & Mutations

You have a pair of horns on your head.
You reflexively headbutt those who attack you in melee.


Message History

No target in view!
No target in view!
Things that are here:
a +0 whip; a gnoll corpse You now have 73 gold pieces (gained 16).
Found 21 stones.
A gnoll comes into view. It is wielding a +0 club.
Found a whip.
A gnoll comes into view. It is wielding a +0 whip.
The gnoll shouts!
A gnoll comes into view. It is wielding a +0 flail of venom.
The gnoll shouts!
A kobold comes into view. It is wielding a +0 dagger.
The kobold shouts!
The gnoll closely misses you.
You hit the gnoll. The gnoll hits you with a +0 club.
You slash the gnoll!
You kill the gnoll!
You have reached level 4!
You feel stronger.
You barely miss the gnoll.
The gnoll hits you with a +0 flail of venom.
You are poisoned.
You hit the gnoll. You headbutt the gnoll.
You feel very sick. The gnoll hits you but does no damage.
The gnoll barely misses you.
You hit the gnoll.
You feel very sick. The gnoll barely misses you.
You completely miss the gnoll. Your headbutt misses the gnoll.
You feel sick.
The gnoll hits you with a +0 flail of venom!
You feel sick.
You closely miss the gnoll.
You feel sick. The gnoll barely misses you.
You closely miss the gnoll. You hit the gnoll.
You feel sick. The gnoll closely misses you. The gnoll barely misses you.
The gnoll hits you with a +0 whip.
* * * LOW HITPOINT WARNING * * *
You closely miss the gnoll. You hit the gnoll but do no damage.
You feel sick.
The gnoll hits you with a +0 flail of venom.
You die...

..#.###
####.#...
#.......# ..
...)... ...
...!. ....
... ....# #K#
.....######g#
..........g@#
............#
............#
###.........#
#........)#
#.........#
...........#
............#
....###..##†#


You could see 2 gnolls and a kobold.

Vanquished Creatures
  2 gnolls (D:2)
  An adder (D:2)
  A worm (D:2)
  4 endoplasms
  A giant cockroach (D:1)
  3 hobgoblins (D:1)
  5 jackals (D:1)
  4 quokkas
  2 ball pythons (D:1)
  4 bats
  2 frilled lizards (D:1)
  4 goblins
  3 rats
36 creatures vanquished.

Notes
Turn   | Place    | Note
-------+----------+-------------------------------------------
     0 | D:1      | ILmort the Minotaur Fighter began the quest for the Orb.
     0 | D:1      | Reached XP level 1. HP: 19/19 MP: 0/0
   111 | D:1      | Reached XP level 2. HP: 14/27 MP: 1/1
   623 | D:1      | Found Bakokkaf's Jewellery Boutique.
   666 | D:1      | Found a faded altar of an unknown god.
   849 | D:1      | Reached XP level 3. HP: 33/33 MP: 2/2
  1208 | D:2      | Reached XP level 4. HP: 38/41 MP: 3/3
  1215 | D:2      | Slain by a gnoll

Illustrated notes

Levels and vault maps discovered:
D:1:      psy_arrival_spokes, layout_rooms, serial_shops, shop,
          hellmonk_ecumenical_altar_leap_of_faith
D:2:      layout_basic, hangedman_feature_mirror

Skill      XL: |  1  2  3 |
---------------+----------+-----
Axes           | 3 4 |  4.5
Fighting       | 4 |  4.4
Armour         | |  3.6
Shields        | |  3.6

Action                   |  1- 3 |  4- 6 || total
-------------------------+-------+-------++-------
Melee: War axe           |    78 |     7 ||    85
       Headbutt          |    13 |     1 ||    14
Armor: Scale mail        |    42 |     1 ||    43
Dodge: Dodged            |    48 |     5 ||    53
Block: Buckler           |    17 |       ||    17
